 Dungeon Crawl Stone Soup version 0.19-a0-944-gb338e1e (webtiles) character file.

13743 rageheart7 the Brawler (level 11, -13/111 HPs)
             Began as a Troll Gladiator on July 9, 2016.
             Was a Follower of Uskayaw.
             Mangled by a seven-headed hydra (14 damage)
             ... on level 1 of the Lair of Beasts.
             The game lasted 00:28:49 (9761 turns).

rageheart7 the Brawler (Troll Gladiator)            Turns: 9761, Time: 00:28:51

Health: -13/111    AC: 16    Str: 27    XL:     11   Next: 79%
Magic:  12/12      EV: 10    Int:  4    God:    Uskayaw [*.....]
Gold:   651        SH:  0    Dex: 11    Spells: 0 memorised, 10 levels left

rFire  . . .     SeeInvis .       - Unarmed
rCold  . . .     Gourm    +     A - +4 troll leather armour
rNeg   . . .     Faith    .     (no shield)
rPois  .         Spirit   .     b - +2 hat
rElec  .         Dismiss  .     (no cloak)
rCorr  .         Reflect  .     (gloves unavailable)
SustAt .         Harm     .     (boots unavailable)
MR     .....     Rnd*Rage +     (no amulet)
Stlth  +.........               (no ring)
                                (no ring)

@: confused, not resistant to hostile enchantments, very unstealthy
A: unfitting armour, claws 3, icy blue scales 1, thin metallic scales 1, berserk
1, fast metabolism 3, gourmand, regeneration 2, shaggy fur 1, tough skin 2,
evolution 1
a: Stomp, Renounce Religion


You were on level 1 of the Lair of Beasts.
You worshipped Uskayaw.
Uskayaw was aware of your devotion.
You were very full.

You visited 3 branches of the dungeon, and saw 14 of its levels.

You collected 651 gold pieces.

Inventory:

Missiles
 c - 3 throwing nets (quivered)
 j - 5 tomahawks
Armour
 b - a +2 hat (worn)
 i - the cursed +0 helmet "Lueg" {MP+9 SInv}
   (You took it off Robin on level 2 of the Dungeon)

   It affects your magic capacity (+9).
   It lets you see invisible.
   It has a curse placed upon it.
 q - a +2 robe of magic resistance
 u - a +0 hat of magic resistance
 A - a +4 troll leather armour (worn)
Wands
 m - a wand of flame (26/48)
 p - a wand of lightning (3/15)
 r - a wand of lightning (4/15)
 v - a wand of flame (28/48)
Scrolls
 a - a scroll of amnesia {unknown}
 l - a scroll of enchant weapon
 n - 3 scrolls of magic mapping
 s - 4 scrolls of remove curse
Potions
 e - 4 potions of flight
 t - 2 potions of cure mutation
 w - a potion of ambrosia
Comestibles
 d - 10 bread rations
 f - 3 meat rations
 g - 4 beef jerkies
 k - 31 fruits
 o - 4 slices of pizza
 z - 16 chunks of flesh


   Skills:
 + Level 8.0 Fighting
 - Level 1.7 Throwing
 - Level 2.4 Dodging
 * Level 15.5 Unarmed Combat
 * Level 3.8 Invocations


You had 10 spell levels left.
You didn't know any spells.

Dungeon Overview and Level Annotations

Branches:
Dungeon (12/15)            Temple (1/1) D:5            Lair (1/6) D:11
    Orc: D:9-12

Altars:
Ashenzari
Cheibriados
Dithmenos
Elyvilon
Fedhas
Gozag
Hepliaklqana
Kikubaaqudgha
Makhleb
Nemelex Xobeh
Okawaru
Pakellas
Qazlal
Ru
Sif Muna
Trog
Uskayaw
Vehumet
Xom
Yredelemnul
Zin
The Shining One

Annotations:
Lair:1 Erica


Innate Abilities, Weirdness & Mutations

You are too large for most types of armour.
You have claws for hands.
Your metabolism is lightning-fast.
You like to eat raw meat.
You heal very quickly.
You are covered in fur. (AC +1)
You have very tough skin. (AC +2)
You are partially covered in icy blue scales. (AC +1)
You are partially covered in thin metallic scales. (AC +2)
You tend to lose your temper in combat.
You evolve.


Message History

Something tries to affect you, but you resist.
You're too confused to move!
The seven-headed hydra barely misses you. x3
The seven-headed hydra bites you!
* * * LOW HITPOINT WARNING * * *
The seven-headed hydra barely misses you.
The seven-headed hydra bites you but does no damage.
The seven-headed hydra closely misses you.
Something hits you!
* * * LOW HITPOINT WARNING * * *
Something burns you.
* * * LOW HITPOINT WARNING * * *
You closely miss something. The seven-headed hydra bites you.
* * * LOW HITPOINT WARNING * * *
The seven-headed hydra bites you!
* * * LOW HITPOINT WARNING * * *
The seven-headed hydra bites you but does no damage. x2
The seven-headed hydra closely misses you.
The seven-headed hydra bites you!
You die...

#.# #... ...## ### #...
####+P###.# #...
#.........# #...
#........#####.. ###
##........##.##.. ...r#
#.........'......
#....###........####...
#.{@D........# ##..
#####........# #..
##.##'#### ##. ####§#
#. ####§# #. #.§§§# .
##+#§# §§§ ....#


You could see a seven-headed hydra and a river rat.

Vanquished Creatures
  Gastronok (Lair:1)
  2 unseen horrors
  An ugly thing (D:11)
  2 gargoyles
  A molten gargoyle (D:11)
  A kobold demonologist (D:11)
  A komodo dragon (Lair:1)
  3 trolls
  2 two-headed ogres
  Grinder (D:6)
  5 blink frogs (Lair:1)
  2 basilisks (Lair:1)
  A fire elemental (D:11)
  A hungry ghost (D:11)
  2 hippogriffs (Lair:1)
  A steam dragon (D:11)
  A water moccasin (Lair:1)
  Duvessa (D:5)
  A porcupine (Lair:1)
  2 black bears
  3 orc warriors
  4 sky beasts
  2 ice beasts
  4 phantoms
  8 ogres
  5 centaurs
  A crocodile (Lair:1)
  2 elf zombies (D:9)
  2 big kobolds (D:8)
  4 giant frogs
  A gnoll sergeant (D:7)
  Dowan (D:5)
  3 scorpions
  10 killer bees
  A wight (D:9)
  5 howler monkeys
  5 lava snakes (D:11)
  3 crimson imps
  2 giant frog zombies
  9 hounds
  A giant frog skeleton (D:9)
  7 human zombies (D:9)
  2 centaur skeletons
  4 orc priests
  3 jellies
  7 orc wizards
  3 iguanas
  10 worker ants
  3 sheep (D:11)
  An ogre zombie (D:9)
  A hound skeleton (D:8)
  2 worker ant zombies
  Robin (D:2)
  A howler monkey zombie (D:10)
  A mummy (D:9)
  7 gnolls (D:7)
  8 adders
  A shadow imp (D:9)
  An ooze (D:1)
  2 adder skeletons
  2 worms
  3 dart slugs
  7 giant geckos
  31 orcs
  5 giant cockroaches
  9 goblins
  17 hobgoblins
  6 jackals
  7 quokkas
  2 ball pythons
  A ball python skeleton (D:4)
  6 bats
  A giant cockroach zombie (D:5)
  2 giant gecko skeletons
  6 giant newts
  11 kobolds
  9 rats
298 creatures vanquished.

Notes
Turn   | Place    | Note
-------+----------+-------------------------------------------
     0 | D:1      | rageheart7 the Troll Gladiator began the quest for the Orb.
     0 | D:1      | Reached XP level 1. HP: 19/19 MP: 0/0
   372 | D:1      | Reached XP level 2. HP: 28/28 MP: 1/1
   972 | D:1      | Reached skill level 4 in Unarmed Combat
  1050 | D:2      | Reached XP level 3. HP: 33/35 MP: 2/2
  1097 | D:2      | Noticed Robin
  1100 | D:2      | Killed Robin
  1103 | D:2      | Got a heavily runed helmet
  1292 | D:2      | Reached XP level 4. HP: 38/42 MP: 3/3
  1891 | D:3      | Reached skill level 5 in Unarmed Combat
  1891 | D:3      | Reached XP level 5. HP: 34/49 MP: 4/4
  2070 | D:3      | Found a blossoming altar of Fedhas.
  2455 | D:3      | Noticed a sky beast
  2462 | D:3      | Killed a sky beast
  2462 | D:3      | Reached skill level 6 in Unarmed Combat
  2627 | D:3      | Reached XP level 6. HP: 59/59 MP: 5/5
  2813 | D:4      | Found a shadowy altar of Dithmenos.
  2908 | D:4      | Reached skill level 7 in Unarmed Combat
  2916 | D:4      | Reached XP level 7. HP: 37/66 MP: 6/6
  3442 | D:5      | Entered Level 5 of the Dungeon
  3532 | D:5      | Reached skill level 8 in Unarmed Combat
  3567 | D:5      | Found a staircase to the Ecumenical Temple.
  3615 | D:5      | Noticed Duvessa
  3623 | D:5      | Noticed Dowan
  3632 | D:5      | Killed Duvessa
  3637 | D:5      | Reached skill level 9 in Unarmed Combat
  3637 | D:5      | Reached XP level 8. HP: 53/76 MP: 7/7
  3644 | D:5      | Killed Dowan
  3864 | Temple   | Entered the Ecumenical Temple
  4004 | Temple   | Became a worshipper of Uskayaw the Reveler
  4063 | D:5      | Found a blossoming altar of Fedhas.
  4254 | D:6      | Reached * piety under Uskayaw
  4273 | D:6      | Reached ** piety under Uskayaw
  4276 | D:6      | Reached skill level 10 in Unarmed Combat
  4430 | D:6      | Reached *** piety under Uskayaw
  4690 | D:6      | Reached XP level 9. HP: 80/87 MP: 8/8
  4705 | D:6      | Gained mutation: Your system is resistant to poisons. (rPois) [mutagenic meat]
  4708 | D:6      | Gained mutation: You are agile. (Dex +2) [mutagenic meat]
  4711 | D:6      | Gained mutation: Your body sometimes deteriorates upon taking damage. [mutagenic meat]
  4714 | D:6      | Gained mutation: Your mind is acute. (Int +2) [mutagenic meat]
  4717 | D:6      | Gained mutation: You are weak. (Str -2) [mutagenic meat]
  4818 | D:6      | Reached skill level 5 in Fighting
  4819 | D:6      | Reached skill level 11 in Unarmed Combat
  4862 | D:6      | Noticed Grinder
  4868 | D:6      | Killed Grinder
  5272 | D:7      | Killed an unseen horror
  5272 | D:7      | Reached skill level 12 in Unarmed Combat
  5505 | D:7      | Reached **** piety under Uskayaw
  5523 | D:7      | Reached ***** piety under Uskayaw
  6045 | D:8      | Reached XP level 10. HP: 67/98 MP: 9/9
  6218 | D:8      | Found a hide-covered altar of Uskayaw.
  6782 | D:9      | Found an ancient bone altar of Kikubaaqudgha.
  6940 | D:9      | Reached skill level 13 in Unarmed Combat
  6940 | D:9      | Reached skill level 1 in Invocations
  7031 | D:9      | Found a bloodstained altar of Trog.
  7515 | D:10     | Entered Level 10 of the Dungeon
  8185 | D:11     | Noticed a gargoyle
  8201 | D:11     | Killed a gargoyle
  8201 | D:11     | Reached skill level 14 in Unarmed Combat
  8346 | D:12     | Noticed a hill giant
  8346 | D:12     | Noticed a cyclops
  8346 | D:12     | Noticed a cyclops
  8444 | D:11     | Reached XP level 11. HP: 85/109 MP: 11/11
  8494 | D:11     | Killed an unseen horror
  8549 | D:11     | Lost mutation: Your body sometimes deteriorates upon taking damage. [potion of cure mutation]
  8549 | D:11     | Lost mutation: You are weak. (Str -2) [potion of cure mutation]
  8549 | D:11     | Lost mutation: Your system is resistant to poisons. (rPois) [potion of cure mutation]
  8549 | D:11     | Lost mutation: Your mind is acute. (Int +2) [potion of cure mutation]
  8549 | D:11     | Lost mutation: You are agile. (Dex +2) [potion of cure mutation]
  8637 | D:11     | Found a staircase to the Lair.
  8998 | D:11     | Noticed a green ugly thing
  9007 | D:11     | Killed a green ugly thing
  9012 | D:11     | Gained mutation: You are partially covered in icy blue scales. (AC +1) [potion of beneficial mutation]
  9360 | Lair:1   | Entered Level 1 of the Lair of Beasts
  9367 | Lair:1   | Gained mutation: You evolve. [potion of mutation]
  9367 | Lair:1   | Gained mutation: You tend to lose your temper in combat. [potion of mutation]
  9367 | Lair:1   | Gained mutation: You are partially covered in thin metallic scales. (AC +2) [potion of mutation]
  9435 | Lair:1   | Noticed Gastronok
  9452 | Lair:1   | Killed Gastronok
  9452 | Lair:1   | Reached skill level 15 in Unarmed Combat
  9501 | Lair:1   | Identified the cursed +0 helmet "Lueg" {MP+9 SInv} (You took it off Robin on level 2 of the Dungeon)
  9739 | Lair:1   | Noticed a seven-headed hydra
  9751 | Lair:1   | Noticed Erica
  9761 | Lair:1   | HP: 1/111 [seven-headed hydra (7)]
  9761 | Lair:1   | Mangled by a seven-headed hydra

Vault maps used:
D:1:      ncdulo_halloftheorcs, patterned_corridor
D:2:      uniq_robin
D:3:      nrook_mini_vaults, fedhas_altar_3
D:4:      columned_hall_lemuel, grunt_dithmenos_shadows
D:5:      first_bread, basic_altar, uniq_duvessa
D:6:      corexii_corridor_pit, uniq_grinder
D:7:      dk_noncrumbling_4
D:8:      basic_altar, blue_anna_alchemist, st_stairs_10
D:9:      lemuel_mausoleum_altar_kikubaaqudgha, basic_altar
D:11:     erik_rubicon_a, lair_0_dummy
D:12:     zombieorc1_lemuel
Temple:   grunt_wide_crystal_templ
Lair:1:   lemuel_fruit_fields, lemuel_fruit_tree, serial_bayou_shore_b,
          uniq_gastronok, uniq_erica

Skill      XL: |  1  2  3  4  5  6  7  8  9 10 11 |
---------------+----------------------------------+-----
Unarmed Combat | 4 5 6 7 9 10 12 14 15 | 15.5
Fighting       | 2 3 4 6 7 8 |  8.0
Invocations    | 2 3 |  3.8
Throwing       | |  1.7
Dodging        | |  2.4

Action                   |  1- 3 |  4- 6 |  7- 9 | 10-12 || total
-------------------------+-------+-------+-------+-------++-------
Melee: Unarmed           |    87 |   109 |   242 |   393 ||   831
       Punch             |     1 |     1 |    13 |    32 ||    47
Invok: Line Pass         |       |       |     1 |     1 ||     2
       Stomp             |       |       |       |     5 ||     5
  Use: Scroll            |     2 |     6 |    10 |    13 ||    31
       Potion            |       |     1 |     7 |    11 ||    19
 Stab: Paralysed         |       |       |     3 |     9 ||    12
       Confused          |       |       |     1 |       ||     1
       Sleeping          |       |       |       |     1 ||     1
  Eat: Chunk             |    17 |    14 |    35 |    40 ||   106
Armor: Robe              |    41 |    26 |    57 |    72 ||   196
       Troll leather arm |       |       |       |   165 ||   165
Dodge: Dodged            |    41 |    49 |    81 |   212 ||   383
